 Dungeon Crawl Stone Soup version 0.25-a0-566-g062765be81 (webtiles) character file.

Game seed: 8227123078898571666, levelgen mode: deterministic

18839 Flugslaktarn the Cleaver (level 12, -8/112 HPs)
             Began as a Deep Dwarf Fighter on Feb 28, 2020.
             Was an Elder of Makhleb.
             Mangled by a death yak (17 damage)
             ... on level 2 of the Lair of Beasts.
             The game lasted 00:06:01 (6470 turns).

Flugslaktarn the Cleaver (Deep Dwarf Fighter)       Turns: 6470, Time: 00:06:02

Health: -8/112     AC: 17    Str: 33    XL:     12   Next: 31%
Magic:  7/7        EV:  8    Int:  9    God:    Makhleb [****..]
Gold:   646        SH: 15    Dex: 12    Spells: 11/11 levels left

rFire    + + .     SeeInvis .   d - +1 broad axe (freeze)
rCold    + . .     Gourm    .   c - +0 kite shield
rNeg     . . .     Faith    .   p - +2 chain mail "Jerehiv" {Str+7 Int-2}
rPois    +         Spirit   .   (no helmet)
rElec    .         Reflect  +   B - scarf {rC+ rF+}
rCorr    .         Harm     .   j - +1 pair of gloves
MR       +....     Rnd*Tele +   h - +0 pair of boots
Stlth    ..........             g - +2 amulet of reflection
HPRegen  0.00/turn              i - ring of Dishonesty {*Tele rF+ Int+3}
MPRegen  0.10/turn              o - ring of poison resistance

@: about to teleport, very slightly contaminated, non-regenerating
A: damage resistance, heal wounds, sense surroundings 2, no regeneration
a: Heal Wounds, Minor Destruction, Lesser Servant of Makhleb, Major Destruction,
Renounce Religion


You were on level 2 of the Lair of Beasts.
You worshipped Makhleb.
Makhleb was greatly pleased with you.
You were not hungry.

You visited 3 branches of the dungeon, and saw 12 of its levels.

You collected 646 gold pieces.

Inventory:

Hand Weapons
 d - a +1 broad axe of freezing (weapon)
   (You took it off an orc on level 9 of the Dungeon)
Armour
 c - a +0 kite shield (worn)
 f - a +0 plate armour
   (You found it on level 5 of the Dungeon)
 h - a +0 pair of boots (worn)
   (You found it on level 4 of the Dungeon)
 j - a +1 pair of gloves (worn)
   (You found it on level 1 of the Dungeon)
 p - the +2 chain mail "Jerehiv" (worn) {Str+7 Int-2}
   (You found it on level 9 of the Dungeon)

   It affects your strength (+7).
   It affects your intelligence (-2).
   If you remove this armour, your AC will decrease by 14 (17 -> 3).
 B - a scarf of resistance (worn)
   (You found it on level 9 of the Dungeon)
Jewellery
 g - a +2 amulet of reflection (around neck)
   (You found it on level 8 of the Dungeon)
 i - the ring of Dishonesty (left hand) {*Tele rF+ Int+3}
   (You found it on level 9 of the Dungeon)

   [ring of teleportation]

   It may teleport you next to monsters.
   It affects your intelligence (+3).
   It protects you from fire.
 o - a ring of poison resistance (right hand)
   (You took it off a kobold on level 9 of the Dungeon)
 s - an uncursed ring of ice
   (You found it on level 6 of the Dungeon)
Wands
 v - a wand of digging (7)
   (You found it on level 9 of the Dungeon)
 G - a wand of scattershot (4)
   (You found it on level 2 of the Lair of Beasts)
Scrolls
 b - 5 scrolls of remove curse
 t - 2 scrolls of teleportation
 x - a scroll of magic mapping
 E - a scroll of immolation
Potions
 a - 2 potions of haste {unknown}
 k - 3 potions of cancellation
 l - 2 potions of lignification
 n - a potion of resistance
 q - 7 potions of curing
 w - a potion of heal wounds
 y - a potion of experience {unknown}
 A - a potion of mutation {unknown}
Comestibles
 e - 20 rations
 F - 27 chunks of flesh


   Skills:
 + Level 8.3 Fighting
 * Level 13.0 Axes
 + Level 9.8 Armour
 + Level 9.9 Shields
 + Level 10.3 Invocations


You had 11 spell levels left.
You didn't know any spells.
Your spell library was empty.

Dungeon Overview and Level Annotations

Branches:
Dungeon (9/15)             Temple (1/1) D:4            Lair (2/6) D:9
  Swamp: Lair:2-4    Shoals: Lair:2-4     Snake: Lair:2-4    Spider: Lair:2-4
    Orc: D:9-12

Altars:
Ashenzari
Cheibriados
Dithmenos
Elyvilon
Fedhas
Gozag
Hepliaklqana
Kikubaaqudgha
Makhleb
Nemelex Xobeh
Okawaru
Qazlal
Sif Muna
Uskayaw
Vehumet
Xom
Yredelemnul
Zin
The Shining One

Annotations:
D:4 1 runed translucent door


Innate Abilities, Weirdness & Mutations

You are resistant to damage.
You can heal yourself by infusing magical energy.
You passively map the area around you.
You do not regenerate.


Message History

You are too injured to fight recklessly!
Okay, then.
You feel much better. The death yak gores you.
You block the dire elephant's attack. The dire elephant trunk-slaps you.
* * * LOW HITPOINT WARNING * * *
You block the death yak's attack.
The death yak gores you but does no damage.
The death yak gores you!
* * * LOW HITPOINT WARNING * * *
The elephant tramples you!
* * * LOW HITPOINT WARNING * * *
You hold your ground!
The elephant trunk-slaps you but does no damage.
You block the elephant's attack.
The elephant trunk-slaps you but does no damage.
The elephant closely misses you.
The elephant trunk-slaps you but does no damage.
As you read the scroll of teleportation, it crumbles to dust.
You feel strangely unstable. The death yak gores you!!
You die...

** ,
*P♣PP...÷÷..÷.÷÷ ,
♣.. *
*♣PP.P..†.......÷ ,
♣.. *
*♣PPP.....P≈P..÷÷ ,
♣.. ,,
*PP........≈.P... ,
♣.. ,
♣P........≈≈...÷ ,
,,♣..
*♣PP...÷÷.≈≈≈.÷.÷
,♣.. , ,
♣PP..÷.÷Y≈≈≈...÷
,,, ♣.. *
♣PPP...YYY≈≈P.÷÷ ,
♣.. ,
♣PP.P.tY@Y.≈P.÷† ,
,♣..
♣♣PP...YYY.≈≈...,
♣..
♣PPPP.......≈≈.. ,
*♣♣.. *
,,♣♣PPPP.......≈..,
♣♣÷(. *
♣♣PPP...P......, *
♣.÷.. , ,
♣♣♣PPPP?......
♣♣.).. ,
*♣P♣P♣.......
♣♣..... ,,
♣♣♣♣*....♣♣♣
♣♣...... ,, , , , ,
, .........


You could see a dire elephant, 4 death yaks, 4 elephants and a crocodile.

Vanquished Creatures
  Harold (D:7)
  A hydra (D:9)
  2 two-headed ogres (D:8)
  2 death yaks (Lair:2)
  11 elephants (Lair:2)
  2 komodo dragons
  3 trolls (D:9)
  A hornet (D:9)
  4 blink frogs (Lair:2)
  2 hippogriffs
  2 spriggans
  7 yaks
  3 wyverns
  2 hungry ghosts (D:9)
  A steam dragon (Lair:2)
  2 vampire mosquitoes (D:9)
  Menkaure (D:6)
  Duvessa (D:4)
  5 water moccasins
  2 orc warriors
  2 ice beasts
  A sky beast (D:9)
  A necrophage (D:9)
  A black bear (D:4)
  7 wolves (Lair:2)
  2 ogres
  An eye of draining (D:9)
  2 centaurs
  3 crocodiles
  3 big kobolds
  8 bullfrogs
  A gnoll sergeant (D:7)
  Dowan (D:4)
  A wyvern skeleton (D:9)
  4 scorpions
  4 crimson imps
  3 howler monkeys
  A bullfrog zombie (D:6)
  2 centaur skeletons (D:6)
  6 hounds
  2 jellies
  9 orc wizards
  8 orc priests
  2 bullfrog skeletons
  9 iguanas
  8 worker ants
  A hound zombie (D:6)
  9 gnolls
  9 adders
  2 shadow imps
  2 oozes (D:1)
  An adder zombie (D:9)
  3 adder skeletons
  4 worms
  2 dart slugs
  6 leopard geckos
  31 orcs
  2 bats
  4 goblins (D:1)
  4 hobgoblins
  11 jackals
  2 quokkas
  2 frilled lizards (D:4)
  A giant cockroach zombie (D:6)
  2 jackal skeletons
  22 kobolds
  A leopard gecko zombie (D:6)
  2 quokka skeletons (D:7)
  A quokka zombie (D:9)
  3 rats
  A plant (Lair:2)
275 creatures vanquished.

Vanquished Creatures (collateral kills)
  A hydra (Lair:2)
1 creature vanquished.

Vanquished Creatures (others)
  A centaur warrior (D:9)
  A black bear (D:6)
  A hound (D:6)
  A worker ant (D:6)
  An orc (D:6)
  A kobold (D:9)
  50 fungi (Lair:2)
  37 plants (Lair:2)
93 creatures vanquished.

Grand Total: 369 creatures vanquished

Notes
Turn   | Place    | Note
-------+----------+-------------------------------------------
     0 | D:1      | Flugslaktarn the Deep Dwarf Fighter began the quest for the
                  | Orb.
     0 | D:1      | Reached XP level 1. HP: 20/20 MP: 1/1
    72 | D:1      | Reached XP level 2. HP: 27/27 MP: 2/2
   217 | D:1      | Reached skill level 3 in Axes
   217 | D:1      | Reached XP level 3. HP: 29/33 MP: 3/3
   516 | D:3      | Reached XP level 4. HP: 33/42 MP: 4/4
   563 | D:4      | Noticed an orc warrior
   565 | D:4      | Found a staircase to the Ecumenical Temple.
   576 | D:4      | Reached skill level 4 in Axes
   576 | D:4      | Reached XP level 5. HP: 43/49 MP: 5/5
   584 | D:4      | Killed an orc warrior
   592 | D:4      | Reached XP level 6. HP: 28/56 MP: 5/5
   604 | Temple   | Entered the Ecumenical Temple
   667 | Temple   | Became a worshipper of Makhleb the Destroyer
   764 | D:4      | Reached skill level 5 in Axes
   844 | D:4      | Reached skill level 1 in Invocations
  1069 | D:4      | Noticed Duvessa
  1069 | D:4      | Noticed Dowan
  1080 | D:4      | Killed Duvessa
  1080 | D:4      | Reached XP level 7. HP: 53/64 MP: 7/7
  1089 | D:4      | Killed Dowan
  1089 | D:4      | Reached skill level 5 in Shields
  1202 | D:4      | Found a glowing silver altar of Zin.
  1202 | D:4      | Found a runed translucent door.
  1202 | D:4      | Noticed an angel
  1445 | D:5      | Entered Level 5 of the Dungeon
  1458 | D:5      | Reached skill level 5 in Armour
  1524 | D:5      | Found a hide-covered altar of Uskayaw.
  1524 | D:5      | Found a blossoming altar of Fedhas.
  1552 | D:5      | Found a shadowy altar of Dithmenos.
  1755 | D:5      | Reached skill level 6 in Axes
  1756 | D:5      | Reached * piety under Makhleb
  2079 | D:6      | Reached XP level 8. HP: 57/73 MP: 8/8
  2115 | D:6      | Reached skill level 7 in Axes
  2221 | D:6      | Found a radiant altar of Vehumet.
  2251 | D:6      | Found an opulent altar of Gozag.
  2302 | D:6      | Found a shadowy altar of Dithmenos.
  2386 | D:6      | Reached ** piety under Makhleb
  2461 | D:6      | Noticed Menkaure
  2474 | D:6      | Killed Menkaure
  2474 | D:6      | Reached skill level 5 in Fighting
  2607 | D:6      | Found a shimmering altar of Xom.
  2873 | D:7      | Noticed Harold
  2909 | D:7      | Killed Harold
  2909 | D:7      | Reached skill level 8 in Axes
  2909 | D:7      | Reached skill level 5 in Invocations
  2909 | D:7      | Gained mutation: You passively map the area around you.
                  | [Deep Dwarf growth]
  2909 | D:7      | Reached XP level 9. HP: 53/81 MP: 4/6
  3120 | D:7      | Found a shimmering blue altar of Sif Muna.
  3324 | D:7      | Reached *** piety under Makhleb
  3324 | D:7      | Reached skill level 9 in Axes
  3795 | D:8      | Noticed a two-headed ogre
  3829 | D:8      | Killed a two-headed ogre
  3829 | D:8      | Reached XP level 10. HP: 54/91 MP: 3/5
  3917 | D:8      | Found a hazy altar of Hepliaklqana.
  3918 | D:8      | Found a glowing silver altar of Zin.
  3973 | D:8      | Noticed a two-headed ogre
  3980 | D:8      | Found a radiant altar of Vehumet.
  3990 | D:8      | Killed a two-headed ogre
  3990 | D:8      | Reached skill level 10 in Axes
  4507 | D:9      | Noticed a centaur warrior
  4521 | D:9      | Noticed a seven-headed hydra
  4689 | D:9      | Killed an 18-headed hydra
  4726 | D:9      | Identified the +3 plate armour of Hairiness {rElec Dex+6}
  4827 | D:9      | Reached skill level 11 in Axes
  4834 | D:9      | Got a slimy bone ring
  4853 | D:9      | Identified the ring of Dishonesty {*Tele rF+ Int+3} (You
                  | found it on level 9 of the Dungeon)
  4867 | D:9      | Got an encrusted chain mail
  4878 | D:9      | Identified the +2 chain mail "Jerehiv" {Str+7 Int-2} (You
                  | found it on level 9 of the Dungeon)
  4955 | D:9      | Reached XP level 11. HP: 96/100 MP: 6/6
  5214 | D:9      | Killed a centaur warrior
  5226 | D:9      | Found a staircase to the Lair.
  5558 | Lair:1   | Entered Level 1 of the Lair of Beasts
  5996 | Lair:1   | Found a gate leading to a gauntlet.
  6182 | Lair:2   | Reached **** piety under Makhleb
  6188 | Lair:2   | Noticed a four-headed hydra
  6200 | Lair:2   | Reached skill level 12 in Axes
  6221 | Lair:2   | Killed an eight-headed hydra
  6368 | Lair:2   | Identified the cursed +0 robe of the Elephant {rElec Slay+3
                  | SInv}
  6391 | Lair:2   | Reached XP level 12. HP: 69/110 MP: 7/7
  6395 | Lair:2   | Reached skill level 10 in Invocations
  6442 | Lair:2   | Noticed a death yak
  6442 | Lair:2   | Noticed a death yak
  6442 | Lair:2   | Noticed a death yak
  6442 | Lair:2   | Noticed a death yak
  6442 | Lair:2   | Noticed a death yak
  6442 | Lair:2   | Noticed a death yak
  6444 | Lair:2   | Noticed a dire elephant
  6457 | Lair:2   | Killed a death yak
  6465 | Lair:2   | Killed a death yak
  6465 | Lair:2   | Reached skill level 13 in Axes
  6470 | Lair:2   | Mangled by a death yak

Levels and vault maps discovered:
D:1:      lightli_arrival_isolated_outpost, layout_basic,
          chequers_serial_rivers_micro_b, minivault_19
D:2:      layout_loops_ring, gammafunk_temple_overflow_elements
D:3:      layout_basic, trog_eyes_of_draining, first_ration, nrook_uturn
D:4:      layout_cave_pods, minmay_temple_entry_ruins, lemuel_angel_altar,
          uniq_duvessa
D:5:      layout_cave_pools, chequers_temple_overflow_statue_of_worship,
          hangedman_decor_growths, nicolae_dithmenos_through_a_glass_darkly
D:6:      layout_basic, lemuel_round_altar, old_standard_altar,
          fiery_altar_vehumet, xom_confusion_cloud,
          chequers_serial_rivers_micro_b, uniq_menkaure
D:7:      layout_loops_ring, lemuel_round_altar, the_bakery, uniq_harold
D:8:      layout_basic, nicolae_overflow_hidden_temple, vehumet_altar_wand_db
D:9:      minmay_the_grid_octo_2x2 [minmay_the_grid_octo_fan_narrow,
          minmay_the_grid_octo_horde, minmay_the_grid_octo_fat_diamond,
          minmay_the_grid_octo_prize_star], layout_basic,
          minmay_misc_feat_enclosed
Temple:   zaba_magenta_temple
Lair:1:   layout_long_grid, gauntlet_entry_generic, grunt_megastairs_4
Lair:2:   mu_elephants_graveyard, layout_chaotic_city

Skill      XL: |  1  2  3  4  5  6  7  8  9 10 11 12 |
---------------+-------------------------------------+-----
Axes           | 3 4 5 6 8 9 11 12 13 | 13.0
Fighting       | 3 4 5 6 7 8 |  8.3
Shields        | 4 5 6 7 8 9 |  9.9
Armour         | 4 5 6 7 8 9 |  9.8
Invocations    | 2 3 5 6 8 9 10 | 10.3

Action                   |  1- 3 |  4- 6 |  7- 9 | 10-12 || total
-------------------------+-------+-------+-------+-------++-------
Melee: War axe           |    62 |    87 |   117 |       ||   266
       Hand axe          |       |       |   363 |   166 ||   529
       Broad axe         |       |       |       |   299 ||   299
Invok: Lesser Servant of |       |       |       |    11 ||    11
 Abil: Heal Wounds       |       |     4 |    20 |    16 ||    40
  Use: Scroll            |       |       |    14 |     9 ||    23
       Potion            |       |       |       |     1 ||     1
  Eat: Chunk             |       |     1 |     9 |    12 ||    22
       Ration            |       |       |       |     1 ||     1
Armor: Scale mail        |    29 |    36 |       |       ||    65
       Chain mail        |       |    21 |    43 |   186 ||   250
       Plate armour      |       |       |   226 |   174 ||   400
Dodge: Dodged            |    13 |    40 |    86 |   152 ||   291
Block: Kite shield       |    40 |    65 |   241 |   466 ||   812
       Reflection        |       |       |       |    17 ||    17

Table legend:
 A = Non-vault XP
 B = Vault XP
 C = Vault XP percentage of total XP
 D = Non-vault monster count
 E = Vault monster count
 F = Vault count percentage of total count
                 A         B        C        D         E       F
            +---------+---------+-------+---------+---------+-------
      Total |   18542 |    8371 |  31.1 |     232 |      45 |  16.2
            +---------+---------+-------+---------+---------+-------
        D:1 |      44 |       0 |   0.0 |      18 |       0 |   0.0
        D:2 |      23 |       0 |   0.0 |       6 |       0 |   0.0
        D:3 |      45 |       0 |   0.0 |       2 |       0 |   0.0
        D:4 |     618 |     225 |  26.7 |      31 |       2 |   6.1
        D:5 |     192 |       0 |   0.0 |      12 |       0 |   0.0
        D:6 |    1209 |     258 |  17.6 |      37 |       4 |   9.8
        D:7 |     694 |    1212 |  63.6 |      32 |       2 |   5.9
        D:8 |    2230 |       2 |   0.1 |      15 |       1 |   6.2
        D:9 |    2845 |    3731 |  56.7 |      41 |      27 |  39.7
     Lair:1 |     893 |     352 |  28.3 |       6 |       3 |  33.3
     Lair:2 |    9749 |    2591 |  21.0 |      32 |       6 |  15.8
            +---------+---------+-------+---------+---------+-------
